2872 views
Uploaded 2020-02-16 22:59:44
Game version 1.32 / 1.32.1
38:26 long 3on3 ladder game on (6)ThunderLake_LV
Saved by BEARAND
2872 views
Uploaded 2020-02-16 22:59:44
Game version 1.32 / 1.32.1
38:26 long 3on3 ladder game on (6)ThunderLake_LV


91 units @ 11k
/ 1.1k
287 buildings @ 16.2k
/ 8.4k



| Scroll of Regeneration | 3 | 300 |
| Potion of Healing | 4 | 600 |
| Staff of Sanctuary | 4 | 1000 |
| Orb of Fire | 2 | 650 |
| Scroll of Town Portal | 1 | 350 |
| Staff of Teleportation | 4 | 600 |
| Boots of Speed | 3 | 750 |
| Pendant of Energy | 1 | 300 |
| Ring of Regeneration | 1 | 300 |
| total: | 23 | 4850g |
| Peasant | 28 | 2100 | / | 0 |
| Dragonhawk Rider | 12 | 2400 | / | 360 |
| Priest | 1 | 135 | / | 10 |
| Gryphon Rider | 2 | 560 | / | 140 |
| Goblin Shredder | 1 | 375 | / | 100 |
| Goblin Zeppelin | 1 | 240 | / | 60 |
| total: | 45 | 5810g | / | 670w |
| Scout Tower | 93 | 2790 | / | 1860 |
| Arcane Tower | 5 | 350 | / | 250 |
| Guard Tower | 62 | 4340 | / | 3100 |
| Altar of Kings | 1 | 180 | / | 50 |
| Farm | 7 | 560 | / | 140 |
| Lumber Mill | 1 | 120 | / | 0 |
| Arcane Vault | 3 | 390 | / | 90 |
| Town Hall | 7 | 2695 | / | 1435 |
| Blacksmith | 1 | 140 | / | 60 |
| Barracks | 1 | 160 | / | 60 |
| Gryphon Aviary | 1 | 140 | / | 150 |
| Arcane Sanctum | 1 | 150 | / | 140 |
| Keep | 1 | 320 | / | 210 |
| Castle | 1 | 360 | / | 210 |
| total: | 116 | 7325g | / | 3985w |
| 0:02 | Peasant |
| 0:02 | Peasant |
| 0:08 | Altar of Kings |
| 0:18 | Farm |
| 0:36 | Farm |
| 0:48 | Peasant |
| 0:48 | Peasant |
| 0:54 | Scout Tower |
| 0:56 | Peasant |
| 1:14 | Peasant |
| 1:22 | Lumber Mill |
| 1:23 | Peasant |
| 1:27 | Peasant |
| 1:32 | Scout Tower |
| 1:36 | Arcane Tower |
| 1:48 | Peasant |
| 1:52 | Scout Tower |
| 2:06 | Blizzard |
| 2:10 | Peasant |
| 2:10 | Peasant |
| 2:10 | Peasant |
| 2:39 | Guard Tower |
| 2:40 | Guard Tower |
| 2:41 | Scout Tower |
| 2:42 | Scout Tower |
| 2:43 | Peasant |
| 2:43 | Peasant |
| 3:20 | Peasant |
| 3:21 | Guard Tower |
| 3:30 | Scout Tower |
| 3:31 | Scout Tower |
| 3:31 | Scout Tower |
| 3:32 | Scout Tower |
| 3:32 | Scout Tower |
| 3:32 | Scout Tower |
| 3:41 | Keep |
| 3:42 | Staff of Teleportation |
| 3:43 | Boots of Speed |
| 3:48 | Guard Tower |
| 3:48 | Scout Tower |
| 3:49 | Scout Tower |
| 3:51 | Farm |
| 3:52 | Farm |
| 3:58 | Arcane Tower |
| 4:13 | Brilliance Aura |
| 4:23 | Guard Tower |
| 4:33 | Improved Masonry |
| 4:35 | Guard Tower |
| 4:41 | Guard Tower |
| 4:42 | Scout Tower |
| 4:43 | Scout Tower |
| 4:48 | Arcane Vault |
| 5:09 | Guard Tower |
| 5:14 | Guard Tower |
| 5:16 | Scout Tower |
| 5:17 | Scout Tower |
| 5:17 | Scout Tower |
| 5:53 | Scout Tower |
| 5:54 | Scout Tower |
| 5:54 | Scout Tower |
| 5:55 | Scout Tower |
| 5:56 | Blizzard |
| 6:15 | Arcane Vault |
| 6:27 | Town Hall |
| 6:28 | Arcane Tower |
| 6:30 | Scout Tower |
| 6:48 | Scout Tower |
| 6:49 | Scout Tower |
| 6:51 | Guard Tower |
| 6:52 | Guard Tower |
| 7:04 | Guard Tower |
| 7:06 | Scout Tower |
| 7:07 | Improved Lumber Harvesting |
| 7:10 | Scroll of Regeneration |
| 7:18 | Guard Tower |
| 7:21 | Scout Tower |
| 7:22 | Scout Tower |
| 7:39 | Storm Bolt |
| 7:41 | Guard Tower |
| 7:42 | Scout Tower |
| 7:42 | Scout Tower |
| 7:43 | Scout Tower |
| 7:51 | Guard Tower |
| 8:09 | Boots of Speed |
| 8:09 | Staff of Teleportation |
| 8:19 | Staff of Teleportation |
| 8:27 | Guard Tower |
| 8:37 | Advanced Masonry |
| 9:11 | Guard Tower |
| 9:11 | Guard Tower |
| 9:16 | Scroll of Regeneration |
| 9:23 | Guard Tower |
| 9:24 | Guard Tower |
| 9:24 | Guard Tower |
| 9:26 | Scout Tower |
| 9:27 | Scout Tower |
| 9:28 | Scout Tower |
| 9:28 | Scout Tower |
| 9:33 | Guard Tower |
| 9:36 | Scout Tower |
| 10:23 | Scout Tower |
| 10:24 | Scout Tower |
| 10:24 | Scout Tower |
| 10:25 | Scout Tower |
| 10:25 | Scout Tower |
| 10:26 | Scout Tower |
| 10:26 | Scout Tower |
| 10:26 | Scout Tower |
| 10:27 | Scout Tower |
| 10:29 | Guard Tower |
| 10:32 | Scout Tower |
| 10:32 | Scout Tower |
| 10:33 | Scout Tower |
| 10:33 | Scout Tower |
| 10:34 | Scout Tower |
| 10:34 | Scout Tower |
| 10:39 | Bash |
| 10:44 | Guard Tower |
| 10:45 | Peasant |
| 10:45 | Peasant |
| 10:45 | Peasant |
| 11:03 | Arcane Tower |
| 11:12 | Guard Tower |
| 11:18 | Scout Tower |
| 11:19 | Scout Tower |
| 11:19 | Scout Tower |
| 11:20 | Scout Tower |
| 11:29 | Goblin Shredder |
| 11:42 | Goblin Zeppelin |
| 11:48 | Potion of Healing |
| 12:03 | Potion of Healing |
| 12:30 | Guard Tower |
| 12:38 | Castle |
| 12:57 | Guard Tower |
| 12:59 | Arcane Vault |
| 13:21 | Gryphon Aviary |
| 13:23 | Blacksmith |
| 13:24 | Barracks |
| 13:52 | Arcane Sanctum |
| 14:07 | Scroll of Regeneration |
| 14:08 | Potion of Healing |
| 14:18 | Guard Tower |
| 14:19 | Scout Tower |
| 14:20 | Scout Tower |
| 14:21 | Scout Tower |
| 14:21 | Scout Tower |
| 14:22 | Scout Tower |
| 14:22 | Scout Tower |
| 14:23 | Scout Tower |
| 14:39 | Dragonhawk Rider |
| 15:01 | Dragonhawk Rider |
| 15:04 | Farm |
| 15:08 | Arcane Tower |
| 15:08 | Guard Tower |
| 15:28 | Scroll of Town Portal |
| 15:55 | Priest |
| 15:56 | Magic Sentry |
| 16:04 | Dragonhawk Rider |
| 16:12 | Guard Tower |
| 16:12 | Guard Tower |
| 16:14 | Staff of Sanctuary |
| 16:24 | Dragonhawk Rider |
| 16:24 | Dragonhawk Rider |
| 16:30 | Imbued Masonry |
| 16:33 | Scout Tower |
| 16:34 | Scout Tower |
| 16:34 | Scout Tower |
| 16:36 | Scout Tower |
| 16:37 | Scout Tower |
| 16:37 | Scout Tower |
| 16:40 | Scout Tower |
| 16:40 | Scout Tower |
| 16:41 | Scout Tower |
| 16:48 | Guard Tower |
| 16:57 | Dragonhawk Rider |
| 17:00 | Studded Leather Armor |
| 17:10 | Animal War Training |
| 17:17 | Guard Tower |
| 17:27 | Guard Tower |
| 17:27 | Guard Tower |
| 17:30 | Staff of Sanctuary |
| 17:32 | Guard Tower |
| 17:36 | Potion of Healing |
| 17:37 | Holy Light |
| 17:48 | Orb of Fire |
| 17:57 | Guard Tower |
| 17:59 | Guard Tower |
| 18:04 | Guard Tower |
| 18:21 | Dragonhawk Rider |
| 18:21 | Cloud |
| 18:44 | Guard Tower |
| 18:44 | Guard Tower |
| 18:45 | Scout Tower |
| 18:46 | Scout Tower |
| 18:47 | Scout Tower |
| 19:01 | Reinforced Leather Armor |
| 19:02 | Iron Forged Swords |
| 19:15 | Guard Tower |
| 19:37 | Guard Tower |
| 19:54 | Staff of Teleportation |
| 19:54 | Boots of Speed |
| 20:01 | Town Hall |
| 20:03 | Town Hall |
| 20:06 | Guard Tower |
| 20:42 | Staff of Sanctuary |
| 21:24 | Gryphon Rider |
| 21:24 | Gryphon Rider |
| 21:25 | Dragonhawk Rider |
| 21:26 | Dragonhawk Rider |
| 22:25 | Dragonhawk Rider |
| 22:28 | Dragonhide Armor |
| 22:28 | Steel Forged Swords |
| 23:32 | Peasant |
| 23:32 | Peasant |
| 23:32 | Peasant |
| 23:37 | Peasant |
| 23:37 | Peasant |
| 23:38 | Peasant |
| 23:41 | Peasant |
| 23:41 | Peasant |
| 24:34 | Town Hall |
| 24:56 | Storm Bolt |
| 24:58 | Pendant of Energy |
| 25:07 | Scout Tower |
| 25:07 | Scout Tower |
| 25:08 | Scout Tower |
| 25:09 | Scout Tower |
| 25:10 | Scout Tower |
| 25:10 | Scout Tower |
| 25:11 | Scout Tower |
| 25:29 | Brilliance Aura |
| 26:20 | Divine Shield |
| 26:33 | Divine Shield |
| 26:57 | Mithril Forged Swords |
| 27:08 | Scout Tower |
| 27:09 | Scout Tower |
| 27:10 | Scout Tower |
| 27:10 | Scout Tower |
| 27:11 | Scout Tower |
| 27:11 | Scout Tower |
| 27:12 | Scout Tower |
| 27:12 | Scout Tower |
| 27:12 | Scout Tower |
| 27:13 | Scout Tower |
| 27:14 | Scout Tower |
| 27:14 | Scout Tower |
| 27:16 | Guard Tower |
| 28:02 | Ring of Regeneration |
| 28:11 | Guard Tower |
| 28:21 | Guard Tower |
| 28:23 | Farm |
| 28:23 | Farm |
| 29:43 | Staff of Sanctuary |
| 29:46 | Orb of Fire |
| 29:48 | Guard Tower |
| 30:34 | Holy Light |
| 31:11 | Bash |
| 32:23 | Guard Tower |
| 32:47 | Brilliance Aura |
| 33:45 | Town Hall |
| 33:47 | Town Hall |
| 34:35 | Dragonhawk Rider |
| 34:35 | Dragonhawk Rider |
| 36:00 | Divine Shield |
| 37:56 | Peasant |
| 37:59 | Town Hall |
| 38:01 | Peasant |
| 38:18 | Storm Bolt |
| Right click | 3248 |
| Select | 1082 |
| Select group | 564 |
| Chat | 421 |
| Build/train/purchase | 261 |
| Use ability | 123 |
| Minimap ping | 40 |
| Misc. action | 28 |
| Assign group | 17 |
| Resource trade | 17 |
| Item give/drop | 7 |
| Remove unit | 7 |
⇛
TIMG4STRok
(38:25) : 


| Staff of Sanctuary | 3 | 750 |
| Staff of Teleportation | 3 | 450 |
| Boots of Speed | 3 | 750 |
| Circlet of Nobility | 1 | 175 |
| Periapt of Vitality | 1 | 325 |
| Orb of Corruption | 1 | 375 |
| total: | 12 | 2825g |
| Peasant | 17 | 1275 | / | 0 |
| Priest | 3 | 405 | / | 30 |
| Dragonhawk Rider | 6 | 1200 | / | 180 |
| Goblin Shredder | 1 | 375 | / | 100 |
| Goblin Zeppelin | 1 | 240 | / | 60 |
| total: | 28 | 3495g | / | 370w |
| Scout Tower | 142 | 4260 | / | 2840 |
| Arcane Tower | 5 | 350 | / | 250 |
| Guard Tower | 48 | 3360 | / | 2400 |
| Altar of Kings | 1 | 180 | / | 50 |
| Farm | 5 | 400 | / | 100 |
| Lumber Mill | 2 | 240 | / | 0 |
| Town Hall | 2 | 770 | / | 410 |
| Arcane Vault | 2 | 260 | / | 60 |
| Blacksmith | 1 | 140 | / | 60 |
| Barracks | 1 | 160 | / | 60 |
| Arcane Sanctum | 1 | 150 | / | 140 |
| Gryphon Aviary | 1 | 140 | / | 150 |
| Keep | 1 | 320 | / | 210 |
| Castle | 1 | 360 | / | 210 |
| total: | 158 | 6700g | / | 3870w |
| 0:04 | Peasant |
| 0:04 | Peasant |
| 0:10 | Altar of Kings |
| 0:12 | Farm |
| 0:21 | Peasant |
| 0:31 | Peasant |
| 0:44 | Scout Tower |
| 0:46 | Peasant |
| 0:54 | Peasant |
| 0:59 | Lumber Mill |
| 1:02 | Peasant |
| 1:10 | Peasant |
| 1:14 | Farm |
| 1:21 | Arcane Tower |
| 1:32 | Scout Tower |
| 1:36 | Peasant |
| 1:53 | Peasant |
| 1:59 | Scout Tower |
| 2:01 | Guard Tower |
| 2:03 | Scout Tower |
| 2:10 | Blizzard |
| 2:16 | Peasant |
| 2:16 | Peasant |
| 2:21 | Scout Tower |
| 2:32 | Guard Tower |
| 2:33 | Peasant |
| 2:47 | Peasant |
| 2:49 | Scout Tower |
| 2:55 | Arcane Tower |
| 3:37 | Brilliance Aura |
| 3:53 | Town Hall |
| 3:57 | Scout Tower |
| 3:57 | Scout Tower |
| 3:58 | Scout Tower |
| 3:59 | Scout Tower |
| 4:01 | Scout Tower |
| 4:02 | Scout Tower |
| 4:05 | Scout Tower |
| 4:07 | Scout Tower |
| 4:09 | Scout Tower |
| 4:21 | Staff of Teleportation |
| 4:21 | Boots of Speed |
| 4:21 | Circlet of Nobility |
| 4:28 | Guard Tower |
| 4:33 | Arcane Tower |
| 4:37 | Guard Tower |
| 4:38 | Guard Tower |
| 4:38 | Guard Tower |
| 4:39 | Guard Tower |
| 4:49 | Scout Tower |
| 4:54 | Arcane Tower |
| 4:59 | Guard Tower |
| 5:21 | Guard Tower |
| 5:25 | Arcane Tower |
| 5:45 | Keep |
| 5:54 | Scout Tower |
| 5:55 | Scout Tower |
| 6:02 | Scout Tower |
| 6:03 | Scout Tower |
| 6:27 | Guard Tower |
| 6:29 | Peasant |
| 6:29 | Peasant |
| 6:29 | Peasant |
| 6:33 | Guard Tower |
| 7:02 | Blizzard |
| 7:10 | Scout Tower |
| 7:10 | Scout Tower |
| 7:11 | Guard Tower |
| 7:12 | Farm |
| 7:15 | Scout Tower |
| 7:18 | Scout Tower |
| 7:20 | Scout Tower |
| 7:54 | Goblin Shredder |
| 7:58 | Goblin Zeppelin |
| 8:16 | Castle |
| 8:33 | Guard Tower |
| 8:45 | Improved Lumber Harvesting |
| 8:54 | Arcane Sanctum |
| 9:02 | Arcane Vault |
| 9:10 | Arcane Vault |
| 9:25 | Farm |
| 9:28 | Storm Bolt |
| 10:01 | Guard Tower |
| 10:24 | Scout Tower |
| 10:24 | Scout Tower |
| 10:25 | Scout Tower |
| 10:25 | Scout Tower |
| 10:26 | Scout Tower |
| 10:26 | Scout Tower |
| 10:31 | Priest |
| 10:31 | Priest Adept Training |
| 10:32 | Magic Sentry |
| 10:33 | Priest |
| 10:33 | Priest Master Training |
| 10:44 | Scout Tower |
| 10:45 | Scout Tower |
| 10:45 | Scout Tower |
| 10:46 | Scout Tower |
| 10:54 | Scout Tower |
| 10:55 | Improved Masonry |
| 10:58 | Guard Tower |
| 11:01 | Guard Tower |
| 11:08 | Staff of Sanctuary |
| 11:13 | Staff of Sanctuary |
| 11:21 | Guard Tower |
| 11:24 | Scout Tower |
| 11:25 | Scout Tower |
| 11:26 | Scout Tower |
| 11:34 | Scout Tower |
| 11:35 | Scout Tower |
| 11:35 | Scout Tower |
| 11:36 | Scout Tower |
| 11:40 | Scout Tower |
| 11:42 | Scout Tower |
| 11:50 | Guard Tower |
| 11:53 | Scout Tower |
| 11:54 | Scout Tower |
| 11:55 | Scout Tower |
| 11:55 | Scout Tower |
| 12:01 | Holy Light |
| 12:23 | Guard Tower |
| 12:24 | Scout Tower |
| 12:25 | Scout Tower |
| 12:25 | Scout Tower |
| 12:26 | Scout Tower |
| 12:27 | Scout Tower |
| 12:27 | Scout Tower |
| 12:28 | Scout Tower |
| 12:28 | Scout Tower |
| 12:53 | Guard Tower |
| 12:59 | Gryphon Aviary |
| 13:02 | Blacksmith |
| 13:04 | Barracks |
| 13:07 | Guard Tower |
| 13:08 | Scout Tower |
| 13:09 | Scout Tower |
| 13:10 | Scout Tower |
| 13:12 | Scout Tower |
| 13:13 | Scout Tower |
| 13:23 | Guard Tower |
| 13:35 | Scout Tower |
| 13:36 | Scout Tower |
| 13:37 | Scout Tower |
| 13:37 | Scout Tower |
| 14:09 | Guard Tower |
| 14:16 | Orb of Corruption |
| 14:25 | Farm |
| 14:29 | Studded Leather Armor |
| 14:31 | Animal War Training |
| 14:38 | Guard Tower |
| 14:39 | Scout Tower |
| 14:40 | Scout Tower |
| 14:40 | Scout Tower |
| 14:41 | Scout Tower |
| 14:58 | Staff of Sanctuary |
| 15:04 | Boots of Speed |
| 15:19 | Guard Tower |
| 15:24 | Staff of Teleportation |
| 16:04 | Periapt of Vitality |
| 16:04 | Staff of Teleportation |
| 16:05 | Boots of Speed |
| 16:18 | Dragonhawk Rider |
| 16:18 | Dragonhawk Rider |
| 16:19 | Dragonhawk Rider |
| 16:26 | Scout Tower |
| 16:27 | Scout Tower |
| 16:28 | Scout Tower |
| 16:29 | Guard Tower |
| 16:31 | Scout Tower |
| 16:31 | Scout Tower |
| 16:32 | Scout Tower |
| 16:33 | Scout Tower |
| 16:34 | Scout Tower |
| 16:36 | Scout Tower |
| 16:37 | Scout Tower |
| 16:38 | Scout Tower |
| 16:45 | Scout Tower |
| 16:46 | Scout Tower |
| 16:47 | Scout Tower |
| 16:48 | Scout Tower |
| 16:50 | Scout Tower |
| 16:50 | Scout Tower |
| 16:52 | Scout Tower |
| 16:52 | Scout Tower |
| 17:06 | Reinforced Leather Armor |
| 17:23 | Brilliance Aura |
| 17:26 | Bash |
| 17:34 | Guard Tower |
| 17:41 | Scout Tower |
| 17:42 | Scout Tower |
| 17:43 | Scout Tower |
| 17:43 | Scout Tower |
| 17:54 | Guard Tower |
| 17:55 | Guard Tower |
| 17:58 | Scout Tower |
| 17:58 | Scout Tower |
| 17:59 | Scout Tower |
| 18:00 | Scout Tower |
| 18:03 | Scout Tower |
| 18:04 | Scout Tower |
| 18:15 | Guard Tower |
| 18:19 | Guard Tower |
| 18:47 | Scout Tower |
| 18:47 | Scout Tower |
| 18:48 | Scout Tower |
| 18:48 | Scout Tower |
| 18:49 | Scout Tower |
| 18:52 | Guard Tower |
| 18:59 | Scout Tower |
| 19:00 | Scout Tower |
| 19:01 | Scout Tower |
| 19:01 | Scout Tower |
| 19:07 | Guard Tower |
| 19:09 | Guard Tower |
| 19:12 | Dragonhide Armor |
| 19:32 | Guard Tower |
| 19:36 | Scout Tower |
| 19:36 | Scout Tower |
| 19:37 | Scout Tower |
| 19:48 | Guard Tower |
| 19:50 | Guard Tower |
| 19:56 | Lumber Mill |
| 20:07 | Divine Shield |
| 20:11 | Guard Tower |
| 20:13 | Scout Tower |
| 20:15 | Scout Tower |
| 20:16 | Scout Tower |
| 21:12 | Guard Tower |
| 21:50 | Scout Tower |
| 21:51 | Scout Tower |
| 21:51 | Scout Tower |
| 21:52 | Scout Tower |
| 22:16 | Scout Tower |
| 22:16 | Scout Tower |
| 22:17 | Scout Tower |
| 22:38 | Guard Tower |
| 22:43 | Guard Tower |
| 22:49 | Guard Tower |
| 22:53 | Dragonhawk Rider |
| 23:32 | Guard Tower |
| 23:40 | Dragonhawk Rider |
| 23:45 | Advanced Masonry |
| 23:47 | Guard Tower |
| 23:50 | Scout Tower |
| 23:50 | Scout Tower |
| 23:51 | Scout Tower |
| 23:51 | Scout Tower |
| 24:57 | Holy Light |
| 25:11 | Guard Tower |
| 25:14 | Scout Tower |
| 25:15 | Scout Tower |
| 25:15 | Scout Tower |
| 25:33 | Guard Tower |
| 27:09 | Guard Tower |
| 27:50 | Storm Bolt |
| 28:34 | Guard Tower |
| 28:53 | Blizzard |
| 29:45 | Priest |
| 30:06 | Iron Forged Swords |
| 30:34 | Scout Tower |
| 32:55 | Devotion Aura |
| 34:53 | Cloud |
| 34:57 | Dragonhawk Rider |
| 35:05 | Bash |
| 35:34 | Town Hall |
| 37:18 | Mass Teleport |
| 37:29 | Holy Light |
| 38:08 | Scout Tower |
| 38:09 | Scout Tower |
| 38:10 | Scout Tower |
| 38:11 | Scout Tower |
| 38:12 | Scout Tower |
| 38:13 | Scout Tower |
| 38:20 | Scout Tower |
| 38:20 | Scout Tower |
| 38:21 | Scout Tower |
| 38:23 | Scout Tower |
| 38:23 | Scout Tower |
| 38:24 | Scout Tower |
| 38:25 | Scout Tower |
| Right click | 2345 |
| Select group | 1780 |
| Select | 417 |
| Chat | 187 |
| Use ability | 174 |
| Build/train/purchase | 151 |
| Misc. action | 75 |
| Minimap ping | 38 |
| Resource trade | 31 |
| Assign group | 18 |
| Item give/drop | 11 |
| Esc | 5 |



| Rod of Necromancy | 3 | 450 |
| Ritual Dagger | 2 | 250 |
| Potion of Mana | 2 | 400 |
| Orb of Corruption | 1 | 375 |
| Boots of Speed | 3 | 750 |
| Staff of Teleportation | 3 | 450 |
| Circlet of Nobility | 2 | 350 |
| Scroll of Regeneration | 1 | 100 |
| total: | 17 | 3125g |
| Acolyte | 13 | 975 | / | 0 |
| Ghoul | 4 | 480 | / | 0 |
| Crypt Fiend | 1 | 215 | / | 40 |
| total: | 18 | 1670g | / | 40w |
| Nerubian Tower | 1 | 100 | / | 20 |
| Spirit Tower | 1 | 145 | / | 40 |
| Crypt | 1 | 200 | / | 50 |
| Altar of Darkness | 2 | 360 | / | 100 |
| Ziggurat | 6 | 900 | / | 300 |
| Tomb of Relics | 2 | 260 | / | 60 |
| Graveyard | 1 | 215 | / | 0 |
| Necropolis | 1 | 225 | / | 0 |
| Halls of the Dead | 2 | 640 | / | 420 |
| Black Citadel | 2 | 650 | / | 460 |
| total: | 13 | 2160g | / | 510w |
| 0:02 | Acolyte |
| 0:08 | Crypt |
| 0:17 | Altar of Darkness |
| 0:19 | Acolyte |
| 0:33 | Ziggurat |
| 0:49 | Tomb of Relics |
| 1:12 | Ghoul |
| 1:26 | Ghoul |
| 1:39 | Ghoul |
| 1:57 | Ghoul |
| 2:15 | Graveyard |
| 2:21 | Death Coil |
| 2:23 | Rod of Necromancy |
| 2:25 | Ritual Dagger |
| 2:25 | Ritual Dagger |
| 2:51 | Nerubian Tower |
| 3:33 | Halls of the Dead |
| 3:55 | Ziggurat |
| 4:49 | Rod of Necromancy |
| 7:13 | Unholy Aura |
| 7:27 | Acolyte |
| 7:29 | Frost Nova |
| 7:46 | Acolyte |
| 8:22 | Acolyte |
| 8:22 | Acolyte |
| 8:22 | Acolyte |
| 9:07 | Acolyte |
| 9:24 | Black Citadel |
| 9:36 | Rod of Necromancy |
| 10:08 | Potion of Mana |
| 11:03 | Boots of Speed |
| 11:03 | Staff of Teleportation |
| 11:06 | Circlet of Nobility |
| 11:28 | Ziggurat |
| 12:06 | Boots of Speed |
| 12:11 | Potion of Mana |
| 12:24 | Frost Armor |
| 12:30 | Death Coil |
| 13:16 | Tomb of Relics |
| 13:19 | Staff of Teleportation |
| 13:23 | Circlet of Nobility |
| 14:08 | Sleep |
| 14:25 | Orb of Corruption |
| 14:37 | Acolyte |
| 15:09 | Web |
| 15:09 | Crypt Fiend |
| 15:18 | Spirit Tower |
| 16:16 | Necropolis |
| 19:07 | Altar of Darkness |
| 19:16 | Ziggurat |
| 19:17 | Ziggurat |
| 22:15 | Scroll of Regeneration |
| 24:28 | Acolyte |
| 25:18 | Acolyte |
| 25:18 | Acolyte |
| 25:18 | Acolyte |
| 27:15 | Ziggurat |
| 27:57 | Vampiric Aura |
| 28:23 | Boots of Speed |
| 28:23 | Staff of Teleportation |
| 29:22 | Unholy Aura |
| 29:23 | Frost Nova |
| 32:00 | Frost Armor |
| 36:06 | Death Coil |
| 36:08 | Frost Nova |
| 36:21 | Sleep |
| Right click | 2693 |
| Select group | 1395 |
| Assign group | 595 |
| Select | 387 |
| Use ability | 167 |
| Build/train/purchase | 152 |
| Chat | 142 |
| Resource trade | 107 |
| Misc. action | 68 |
| Item give/drop | 5 |
| Remove unit | 1 |
| Minimap ping | 1 |
196 units @ 32.2k
/ 6.3k
75 buildings @ 9.5k
/ 4.3k


| Rod of Necromancy | 1 | 150 |
| Orb of Corruption | 1 | 375 |
| Potion of Healing | 2 | 300 |
| Scroll of Town Portal | 2 | 700 |
| Boots of Speed | 2 | 500 |
| Potion of Lesser Invulnerability | 1 | 150 |
| total: | 9 | 2175g |
| Acolyte | 9 | 675 | / | 0 |
| Ghoul | 2 | 240 | / | 0 |
| Crypt Fiend | 5 | 1075 | / | 200 |
| Obsidian Statue | 4 | 800 | / | 140 |
| Frost Wyrm | 5 | 1925 | / | 600 |
| Gargoyle | 3 | 525 | / | 90 |
| Meat Wagon | 2 | 460 | / | 100 |
| Goblin Shredder | 1 | 375 | / | 100 |
| total: | 31 | 6075g | / | 1230w |
| Spirit Tower | 3 | 435 | / | 120 |
| Nerubian Tower | 1 | 100 | / | 20 |
| Graveyard | 1 | 215 | / | 0 |
| Crypt | 2 | 400 | / | 100 |
| Altar of Darkness | 1 | 180 | / | 50 |
| Ziggurat | 8 | 1200 | / | 400 |
| Tomb of Relics | 1 | 130 | / | 30 |
| Necropolis | 1 | 225 | / | 0 |
| Slaughterhouse | 3 | 420 | / | 405 |
| Sacrificial Pit | 1 | 75 | / | 150 |
| Boneyard | 3 | 525 | / | 600 |
| Halls of the Dead | 1 | 320 | / | 210 |
| Black Citadel | 1 | 325 | / | 230 |
| total: | 21 | 3370g | / | 1735w |
| 0:03 | Acolyte |
| 0:07 | Graveyard |
| 0:09 | Crypt |
| 0:17 | Acolyte |
| 0:27 | Altar of Darkness |
| 0:36 | Ziggurat |
| 1:04 | Tomb of Relics |
| 1:11 | Ghoul |
| 1:30 | Ghoul |
| 1:34 | Ziggurat |
| 1:51 | Crypt Fiend |
| 2:15 | Crypt Fiend |
| 2:29 | Rod of Necromancy |
| 2:33 | Carrion Swarm |
| 2:54 | Crypt Fiend |
| 3:10 | Acolyte |
| 3:27 | Halls of the Dead |
| 3:37 | Vampiric Aura |
| 4:09 | Necropolis |
| 5:02 | Goblin Shredder |
| 5:05 | Carrion Swarm |
| 5:15 | Ziggurat |
| 6:15 | Crypt Fiend |
| 6:19 | Black Citadel |
| 6:31 | Acolyte |
| 6:53 | Acolyte |
| 6:53 | Acolyte |
| 6:54 | Acolyte |
| 6:56 | Ziggurat |
| 6:59 | Death Coil |
| 7:14 | Ziggurat |
| 7:16 | Acolyte |
| 7:23 | Ziggurat |
| 7:26 | Ziggurat |
| 7:34 | Slaughterhouse |
| 7:39 | Sacrificial Pit |
| 8:14 | Spirit Tower |
| 8:15 | Spirit Tower |
| 8:16 | Ziggurat |
| 8:17 | Nerubian Tower |
| 8:23 | Vampiric Aura |
| 8:55 | Boneyard |
| 8:57 | Boneyard |
| 8:59 | Boneyard |
| 9:01 | Creature Attack |
| 9:03 | Obsidian Statue |
| 9:05 | Obsidian Statue |
| 9:25 | Unholy Aura |
| 10:33 | Frost Wyrm |
| 10:33 | Freezing Breath |
| 10:34 | Improved Creature Attack |
| 10:54 | Scroll of Town Portal |
| 10:55 | Orb of Corruption |
| 11:33 | Potion of Healing |
| 11:45 | Frost Wyrm |
| 12:29 | Advanced Creature Attack |
| 13:21 | Frost Wyrm |
| 13:33 | Obsidian Statue |
| 15:44 | Carrion Swarm |
| 16:58 | Frost Wyrm |
| 18:00 | Boots of Speed |
| 18:02 | Boots of Speed |
| 18:03 | Potion of Lesser Invulnerability |
| 18:58 | Web |
| 19:02 | Creature Carapace |
| 19:43 | Crypt Fiend |
| 20:05 | Improved Creature Carapace |
| 21:00 | Death Coil |
| 21:35 | Inferno |
| 21:45 | Slaughterhouse |
| 21:46 | Slaughterhouse |
| 23:20 | Obsidian Statue |
| 23:41 | Potion of Healing |
| 24:07 | Crypt |
| 24:08 | Advanced Creature Carapace |
| 24:20 | Scroll of Town Portal |
| 24:35 | Acolyte |
| 26:20 | Frost Wyrm |
| 26:21 | Gargoyle |
| 26:23 | Meat Wagon |
| 26:59 | Gargoyle |
| 27:55 | Gargoyle |
| 27:59 | Meat Wagon |
| 28:07 | Disease Cloud |
| 31:07 | Unholy Aura |
| Right click | 1104 |
| Select | 446 |
| Select group | 430 |
| Misc. action | 189 |
| Chat | 170 |
| Build/train/purchase | 102 |
| Use ability | 55 |
| Assign group | 45 |
| Minimap ping | 22 |
| Esc | 16 |
| Item give/drop | 3 |

| Peasant | 36 | 2700 | / | 0 |
| Footman | 15 | 2025 | / | 0 |
| Knight | 20 | 4900 | / | 1200 |
| Mortar Team | 3 | 540 | / | 210 |
| Rifleman | 6 | 1230 | / | 180 |
| Frost Wyrm | 4 | 1540 | / | 480 |
| Gargoyle | 4 | 700 | / | 120 |
| total: | 88 | 13635g | / | 2190w |
| Scout Tower | 6 | 180 | / | 120 |
| Arcane Tower | 2 | 140 | / | 100 |
| Guard Tower | 1 | 70 | / | 50 |
| Barracks | 4 | 640 | / | 240 |
| Farm | 13 | 1040 | / | 260 |
| Altar of Kings | 1 | 180 | / | 50 |
| Town Hall | 2 | 770 | / | 410 |
| Lumber Mill | 1 | 120 | / | 0 |
| Blacksmith | 1 | 140 | / | 60 |
| Arcane Vault | 1 | 130 | / | 30 |
| Workshop | 2 | 280 | / | 280 |
| Keep | 2 | 640 | / | 420 |
| Castle | 1 | 360 | / | 210 |
| total: | 31 | 3480g | / | 1450w |
| 0:02 | Peasant |
| 0:08 | Barracks |
| 0:12 | Farm |
| 0:20 | Altar of Kings |
| 0:28 | Peasant |
| 0:41 | Peasant |
| 0:57 | Farm |
| 1:02 | Peasant |
| 1:15 | Footman |
| 1:25 | Peasant |
| 1:36 | Footman |
| 1:47 | Farm |
| 1:58 | Footman |
| 2:06 | Peasant |
| 2:20 | Footman |
| 2:30 | Farm |
| 2:37 | Peasant |
| 2:48 | Footman |
| 3:05 | Peasant |
| 3:09 | Footman |
| 3:18 | Farm |
| 3:31 | Footman |
| 3:52 | Summon Water Elemental |
| 3:56 | Footman |
| 4:00 | Farm |
| 4:38 | Brilliance Aura |
| 4:43 | Keep |
| 4:51 | Town Hall |
| 5:06 | Keep |
| 5:24 | Scout Tower |
| 5:27 | Footman |
| 5:44 | Scout Tower |
| 5:48 | Footman |
| 5:57 | Lumber Mill |
| 6:08 | Blacksmith |
| 6:20 | Arcane Tower |
| 6:20 | Arcane Tower |
| 6:35 | Footman |
| 6:51 | Footman |
| 6:58 | Farm |
| 7:22 | Farm |
| 7:24 | Footman |
| 7:28 | Iron Forged Swords |
| 7:30 | Iron Plating |
| 7:46 | Footman |
| 7:53 | Peasant |
| 7:58 | Peasant |
| 8:11 | Peasant |
| 8:20 | Improved Lumber Harvesting |
| 8:25 | Peasant |
| 8:31 | Barracks |
| 8:43 | Castle |
| 8:56 | Farm |
| 9:00 | Footman |
| 9:07 | Barracks |
| 9:10 | Peasant |
| 9:25 | Steel Forged Swords |
| 9:48 | Steel Plating |
| 10:01 | Barracks |
| 10:15 | Peasant |
| 10:16 | Peasant |
| 10:26 | Mithril Forged Swords |
| 10:46 | Farm |
| 11:13 | Knight |
| 11:14 | Sundering Blades |
| 11:26 | Advanced Lumber Harvesting |
| 12:01 | Animal War Training |
| 12:01 | Knight |
| 12:34 | Knight |
| 13:00 | Mithril Plating |
| 13:13 | Knight |
| 13:16 | Improved Masonry |
| 13:22 | Farm |
| 13:40 | Knight |
| 13:54 | Knight |
| 14:06 | Farm |
| 14:31 | Knight |
| 14:34 | Knight |
| 14:48 | Farm |
| 15:21 | Knight |
| 15:44 | Knight |
| 15:56 | Knight |
| 16:30 | Summon Water Elemental |
| 16:39 | Knight |
| 17:05 | Knight |
| 17:45 | Knight |
| 17:59 | Workshop |
| 20:01 | Mortar Team |
| 20:40 | Fragmentation Shards |
| 20:40 | Flare |
| 20:44 | Workshop |
| 21:30 | Mortar Team |
| 21:44 | Blizzard |
| 21:53 | Knight |
| 22:45 | Knight |
| 22:59 | Knight |
| 24:30 | Mortar Team |
| 24:46 | Rifleman |
| 24:47 | Long Rifles |
| 24:49 | Black Gunpowder |
| 24:49 | Studded Leather Armor |
| 25:09 | Rifleman |
| 25:31 | Rifleman |
| 25:34 | Rifleman |
| 28:32 | Town Hall |
| 28:41 | Peasant |
| 28:41 | Peasant |
| 28:41 | Peasant |
| 28:48 | Peasant |
| 28:48 | Peasant |
| 29:07 | Peasant |
| 29:07 | Peasant |
| 29:42 | Peasant |
| 29:52 | Peasant |
| 29:52 | Peasant |
| 29:59 | Arcane Vault |
| 30:29 | Peasant |
| 30:29 | Peasant |
| 30:48 | Peasant |
| 30:49 | Peasant |
| 31:22 | Peasant |
| 31:22 | Peasant |
| 31:47 | Peasant |
| 31:56 | Rifleman |
| 32:20 | Scout Tower |
| 32:25 | Scout Tower |
| 32:29 | Scout Tower |
| 32:31 | Scout Tower |
| 32:35 | Peasant |
| 32:35 | Peasant |
| 32:35 | Peasant |
| 32:43 | Rifleman |
| 32:48 | Guard Tower |
| 32:51 | Peasant |
| 33:31 | Frost Wyrm |
| 33:34 | Frost Wyrm |
| 33:35 | Frost Wyrm |
| 33:44 | Gargoyle |
| 34:06 | Frost Wyrm |
| 34:10 | Gargoyle |
| 34:33 | Knight |
| 34:33 | Knight |
| 34:39 | Knight |
| 34:56 | Gargoyle |
| 35:36 | Gargoyle |
| Right click | 769 |
| Select | 701 |
| Select group | 291 |
| Chat | 248 |
| Misc. action | 171 |
| Build/train/purchase | 147 |
| Minimap ping | 60 |
| Assign group | 54 |
| Use ability | 5 |
| Resource trade | 4 |


| Scroll of Regeneration | 2 | 200 |
| Scroll of Town Portal | 3 | 1050 |
| total: | 5 | 1250g |
| Peasant | 17 | 1275 | / | 0 |
| Footman | 8 | 1080 | / | 0 |
| Priest | 7 | 945 | / | 70 |
| Knight | 15 | 3675 | / | 900 |
| Sorceress | 1 | 155 | / | 20 |
| Siege Engine | 11 | 2145 | / | 660 |
| Mortar Team | 18 | 3240 | / | 1260 |
| total: | 77 | 12515g | / | 2910w |
| Scout Tower | 2 | 60 | / | 40 |
| Guard Tower | 2 | 140 | / | 100 |
| Altar of Kings | 1 | 180 | / | 50 |
| Farm | 11 | 880 | / | 220 |
| Barracks | 2 | 320 | / | 120 |
| Arcane Vault | 1 | 130 | / | 30 |
| Lumber Mill | 1 | 120 | / | 0 |
| Blacksmith | 1 | 140 | / | 60 |
| Town Hall | 1 | 385 | / | 205 |
| Arcane Sanctum | 1 | 150 | / | 140 |
| Workshop | 2 | 280 | / | 280 |
| Keep | 1 | 320 | / | 210 |
| Castle | 1 | 360 | / | 210 |
| total: | 23 | 2645g | / | 1145w |
| 0:05 | Altar of Kings |
| 0:06 | Peasant |
| 0:06 | Peasant |
| 0:07 | Farm |
| 0:25 | Peasant |
| 0:37 | Peasant |
| 0:48 | Barracks |
| 1:04 | Farm |
| 1:07 | Peasant |
| 1:17 | Peasant |
| 1:37 | Arcane Vault |
| 1:51 | Footman |
| 1:52 | Footman |
| 2:08 | Lumber Mill |
| 2:18 | Summon Water Elemental |
| 2:38 | Footman |
| 2:55 | Keep |
| 3:02 | Farm |
| 3:32 | Footman |
| 3:32 | Footman |
| 3:35 | Scout Tower |
| 4:14 | Brilliance Aura |
| 4:35 | Footman |
| 4:37 | Guard Tower |
| 4:40 | Farm |
| 4:41 | Scout Tower |
| 4:45 | Blacksmith |
| 4:56 | Defend |
| 5:40 | Castle |
| 5:49 | Summon Water Elemental |
| 6:01 | Improved Lumber Harvesting |
| 6:13 | Footman |
| 6:29 | Summon Lava Spawn |
| 7:14 | Arcane Sanctum |
| 7:18 | Scroll of Regeneration |
| 7:27 | Iron Forged Swords |
| 7:42 | Guard Tower |
| 7:55 | Footman |
| 8:03 | Iron Plating |
| 8:36 | Town Hall |
| 8:39 | Peasant |
| 8:39 | Peasant |
| 8:41 | Priest |
| 8:45 | Priest |
| 8:47 | Priest |
| 8:50 | Farm |
| 9:21 | Barracks |
| 9:26 | Peasant |
| 9:28 | Advanced Lumber Harvesting |
| 10:02 | Priest |
| 10:08 | Farm |
| 10:10 | Farm |
| 10:11 | Farm |
| 10:13 | Incinerate |
| 10:40 | Sundering Blades |
| 10:41 | Animal War Training |
| 10:47 | Knight |
| 10:48 | Knight |
| 10:52 | Knight |
| 10:56 | Sorceress |
| 12:20 | Knight |
| 12:21 | Knight |
| 12:55 | Knight |
| 12:58 | Knight |
| 13:01 | Priest |
| 13:22 | Workshop |
| 13:41 | Scroll of Town Portal |
| 14:05 | Peasant |
| 14:06 | Peasant |
| 14:26 | Workshop |
| 14:38 | Siege Engine |
| 15:38 | Siege Engine |
| 15:40 | Siege Engine |
| 15:42 | Siege Engine |
| 15:43 | Siege Engine |
| 15:47 | Siege Engine |
| 15:49 | Siege Engine |
| 15:58 | Brilliance Aura |
| 16:01 | Summon Lava Spawn |
| 16:12 | Farm |
| 16:12 | Farm |
| 16:13 | Farm |
| 16:33 | Black Gunpowder |
| 17:45 | Siege Engine |
| 17:56 | Fragmentation Shards |
| 17:58 | Mortar Team |
| 17:58 | Mortar Team |
| 18:18 | Mortar Team |
| 18:18 | Mortar Team |
| 19:07 | Mortar Team |
| 19:07 | Mortar Team |
| 19:08 | Mortar Team |
| 19:08 | Mortar Team |
| 19:08 | Mortar Team |
| 20:21 | Mortar Team |
| 20:21 | Mortar Team |
| 21:18 | Refined Gunpowder |
| 22:09 | Flare |
| 23:07 | Incinerate |
| 23:28 | Mortar Team |
| 23:28 | Mortar Team |
| 23:28 | Mortar Team |
| 23:28 | Mortar Team |
| 23:34 | Scroll of Town Portal |
| 23:36 | Knight |
| 23:36 | Knight |
| 23:38 | Knight |
| 23:38 | Knight |
| 23:40 | Priest |
| 23:41 | Priest |
| 23:47 | Scroll of Regeneration |
| 24:28 | Barrage |
| 24:28 | Siege Engine |
| 24:32 | Siege Engine |
| 24:32 | Siege Engine |
| 24:58 | Studded Leather Armor |
| 25:00 | Steel Plating |
| 27:04 | Knight |
| 27:04 | Knight |
| 27:07 | Knight |
| 27:07 | Knight |
| 27:10 | Mortar Team |
| 27:10 | Mortar Team |
| 27:52 | Scroll of Town Portal |
| 28:02 | Mortar Team |
| 29:19 | Peasant |
| 29:19 | Peasant |
| 29:19 | Peasant |
| 29:19 | Peasant |
| 29:20 | Peasant |
| 29:40 | Peasant |
| Right click | 709 |
| Select | 433 |
| Select group | 233 |
| Build/train/purchase | 164 |
| Misc. action | 89 |
| Assign group | 33 |
| Remove unit | 16 |
| Use ability | 10 |
| Resource trade | 9 |
| Chat | 5 |
| Item give/drop | 3 |
| Minimap ping | 1 |